 Dungeon Crawl Stone Soup version 0.26-a0-812-g31a745ddcd (webtiles) character file.

Game seed: 18411252848679890014

110 Borgoz the Cudgeller (level 4, -1/28 HPs)
             Began as a Gargoyle Gladiator on Dec 8, 2020.
             Killed from afar by an orc wizard (4 damage)
             ... with a magic dart
             ... on level 2 of the Dungeon.
             The game lasted 00:01:50 (1323 turns).

Borgoz the Cudgeller (Gargoyle Gladiator)           Turns: 1323, Time: 00:01:51

Health: -1/28      AC: 11    Str: 19    XL:     4   Next: 91%
Magic:  4/4        EV: 12    Int:  8    God:
Gold:   49         SH:  0    Dex: 11    Spells: 3/3 levels left

rFire    . . .     SeeInvis .   a - +0 flail
rCold    . . .     Faith    .   (no shield)
rNeg     + . .     Spirit   .   j - +0 ring mail
rPois    ∞         Reflect  .   c - +0 helmet
rElec    +         Harm     .   (no cloak)
rCorr    .         Rampage  .   i - +0 pair of gloves
MR       .....                  (no boots)
Stlth    +.........             (no amulet)
HPRegen  0.09/turn              (no ring)
MPRegen  0.09/turn              (no ring)

@: no status effects
A: negative energy resistance 1, electricity resistance, unbreathing,
petrification resistance, rot immunity, AC +3
a: no special abilities


You were on level 2 of the Dungeon.
You visited 1 branch of the dungeon, and saw 2 of its levels.

You collected 49 gold pieces.

Inventory:

Hand Weapons
 a - a +0 flail (weapon)
Missiles
 d - 3 throwing nets (quivered)
Armour
 c - a +0 helmet (worn)
 i - a +0 pair of gloves (worn)
 j - a +0 ring mail (worn)
Scrolls
 b - a scroll of immolation {unknown}
 e - a scroll of magic mapping
 g - a scroll of fog {unknown}
 h - 2 scrolls of remove curse


   Skills:
 + Level 3.1 Fighting
 * Level 4.1 Maces & Flails
 - Level 1.7 Throwing
 + Level 1.9 Armour
 + Level 2.9 Dodging


You had 3 spell levels left.
You didn't know any spells.
Your spell library was empty.

Dungeon Overview and Level Annotations

Branches:
Dungeon (2/15)

Altars:


Innate Abilities, Weirdness & Mutations

You are resistant to torment.
Your stone body is resilient. (AC +3)
You are immune to poison.
You resist negative energy. (rN+)
You are resistant to electric shocks. (rElec)
You can survive without breathing.
You are immune to petrification.
You are immune to rotting.


Message History

The kobold closely misses you.
The orc wizard mumbles some strange words.
The orc wizard blinks!
You hit the kobold.
You kill the kobold!
You sock the orc!
You kill the orc!
Items here: )))) [[ ††.
The orc wizard closely misses you.
You closely miss the orc wizard. The orc wizard barely misses you.
You sock the orc wizard!
The orc wizard is heavily wounded.
The orc wizard gestures at you while chanting.
The magic dart hits you!
* * * LOW HITPOINT WARNING * * *
The orc wizard casts a spell.
The orc wizard blinks!
The orc wizard gestures at you while chanting.
The magic dart hits you.
You die...

#.# #....
########.####..#
..............#
..............#
...........o#.#
##..##.###...#
#..##†#
#...#####.
##..##.#
#...).....$. ##
##......#
#.@>..?.!...
#.###.##.####
##.####.....
#...###.#
#.)........
##.## #.#
####....... #.#
#.# .#..... #[#
#.# .# #..#
###.####... .#
.# #..)......# #
## #
###.####.....


You could see an orc wizard.

Vanquished Creatures
  An orc wizard (D:2)
  3 adders (D:2)
  An ooze (D:2)
  A dart slug (D:1)
  3 leopard geckos (D:1)
  5 orcs (D:2)
  A giant cockroach (D:1)
  6 goblins (D:1)
  4 hobgoblins
  2 jackals (D:1)
  6 kobolds
  4 bats
  2 frilled lizards (D:1)
  2 rats
41 creatures vanquished.

Vanquished Creatures (others)
  3 plants (D:2)
3 creatures vanquished.

Grand Total: 44 creatures vanquished

Notes
Turn   | Place    | Note
-------+----------+-------------------------------------------
     0 | D:1      | Borgoz the Gargoyle Gladiator began the quest for the Orb.
     0 | D:1      | Reached XP level 1. HP: 12/12 MP: 1/1
    67 | D:1      | Reached XP level 2. HP: 11/18 MP: 2/2
   467 | D:1      | Reached skill level 1 in Armour
   477 | D:1      | Reached XP level 3. HP: 22/22 MP: 3/3
  1043 | D:2      | Reached XP level 4. HP: 14/27 MP: 4/4
  1208 | D:2      | Reached skill level 4 in Maces & Flails
  1323 | D:2      | Killed from afar by an orc wizard

Illustrated notes

Levels and vault maps discovered:
D:1:      sevenhm_arrival_forest_fort_small_4, layout_rooms, serial_forest,
          infiniplex_forest_clump_curved, infiniplex_forest_join,
          infiniplex_forest_lined_corner, infiniplex_forest_straight_3,
          infiniplex_forest_lined_3, roderic_roman_lattice
D:2:      layout_loops_ring, nicolae_gozag_cash_rules_everything_around_me,
          serial_bayou_lake_a, uniq_crazy_yiuf_cottage

Skill      XL: |  1  2  3  4 |
---------------+-------------+-----
Armour         | 1 |  1.9
Fighting       | 3 |  3.1
Maces & Flails | 4 |  4.1
Throwing       | |  1.7
Dodging        | |  2.9

Action                   |  1- 3 |  4- 6 || total
-------------------------+-------+-------++-------
Melee: Flail             |    87 |    57 ||   144
  Use: Scroll            |     2 |     1 ||     3
Armor: Leather armour    |    26 |       ||    26
       Ring mail         |    26 |    35 ||    61
Dodge: Dodged            |    67 |    58 ||   125

Table legend: (Time is in decaauts)
 A = Elapsed time spent in this place.
 B = Non-inter-level travel time spent in this place.
 C = Inter-level travel time spent in this place.
 D = Time resting spent in this place.
 E = Time spent auto-exploring this place.
 F = Levels seen in this place.
 G = Mean time per level.
                   A        B        C        D        E       F      G
               +--------+--------+--------+--------+--------+-----+--------+
         Total |   1376 |   1338 |     38 |    231 |    781 |   2 |  688.0 |
       Dungeon |   1376 |   1338 |     38 |    231 |    781 |   2 |  688.0 |
               +--------+--------+--------+--------+--------+-----+--------+

Top non-repeatable levels by time:
     D:1: 882 daAuts
     D:2: 493 daAuts
